 Dungeon Crawl Stone Soup version 0.23.0 (webtiles) character file.

Game seed: 976002078639507139

10564 LostNumber the Grappler (level 11, -7/109 HPs)
             Began as a Troll Ice Elementalist on Feb 15, 2019.
             Was a High Priest of Okawaru.
             Mangled by a six-headed hydra (10 damage)
             ... on level 1 of the Lair of Beasts.
             The game lasted 00:15:35 (7725 turns).

LostNumber the Grappler (Troll Ice Elementalist)    Turns: 7725, Time: 00:15:36

Health: -7/109     AC:  6    Str: 21      XL:     11   Next: 37%
Magic:  11/13      EV: 12    Int: 11      God:    Okawaru [*****.]
Gold:   774        SH:  0    Dex:  9 (10) Spells: 11/12 levels left

rFire    + + .     SeeInvis .   x - +3 rapier (elec)
rCold    + . .     Gourm    +   (no shield)
rNeg     . . .     Faith    .   a - +0 robe
rPois    .         Spirit   .   (helmet restricted)
rElec    .         Reflect  .   g - scarf {rC+ rF+}
rCorr    .         Harm     .   (gloves unavailable)
MR       .....                  (boots unavailable)
Stlth    ++++......             u - amulet of regeneration
HPRegen  1.08/turn              s - ring of stealth
MPRegen  0.13/turn              i - ring of protection from fire

@: heroism
A: large, unfitting armour, claws 3, fast metabolism 3, gourmand, regeneration
1, shaggy fur 1, tough skin 3
a: Heroism, Finesse, Renounce Religion


You were on level 1 of the Lair of Beasts.
You worshipped Okawaru.
Okawaru was extremely pleased with you.
You were very full.

You visited 2 branches of the dungeon, and saw 11 of its levels.

You collected 774 gold pieces.

Inventory:

Hand Weapons
 o - a +2 morningstar
   (You took it off a wight on level 6 of the Dungeon)
 x - a +3 rapier of electrocution (weapon)
   (You took it off Eustachio on level 4 of the Dungeon)
Armour
 a - a +0 robe (worn)
 g - a scarf of resistance (worn)
   (You found it on level 2 of the Dungeon)
Jewellery
 i - a ring of protection from fire (right claw)
   (You found it on level 9 of the Dungeon)
 q - an uncursed amulet of rage
   (You found it on level 7 of the Dungeon)
 s - a ring of stealth (left claw)
   (You found it on level 9 of the Dungeon)
 u - an amulet of regeneration (around neck)
   (You found it on level 8 of the Dungeon)
 w - an uncursed ring of ice
   (You found it on level 10 of the Dungeon)
 y - a +4 ring of intelligence {unknown}
   (You found it on level 1 of the Lair of Beasts)
Wands
 c - a wand of polymorph (5)
   (You found it on level 4 of the Dungeon)
 d - a wand of iceblast (5)
   (You found it on level 6 of the Dungeon)
 f - a wand of enslavement (11)
   (You found it on level 8 of the Dungeon)
 t - a wand of flame (23)
   (You took it off Blork the orc on level 4 of the Dungeon)
 v - a wand of digging (2)
   (You found it on level 9 of the Dungeon)
Scrolls
 b - 3 scrolls of enchant armour
 j - 3 scrolls of teleportation {@r4}
 m - 3 scrolls of remove curse {@r2}
 n - 3 scrolls of magic mapping
 r - a scroll of identify {@r1}
Potions
 h - 2 potions of curing {@q1}
 k - a potion of cancellation
 p - 3 potions of brilliance
Comestibles
 e - 17 rations {!d}
 l - 8 chunks of flesh


   Skills:
 + Level 7.6(12.6) Fighting
 + Level 2.7(7.7) Armour
 - Level 1.5(6.5) Dodging
 - Level 1.0(6.0) Stealth
 * Level 12.5(17.5) Unarmed Combat
 - Level 1.2 Spellcasting
   Level 0.6 Conjurations
 - Level 2.1 Ice Magic
 + Level 5.2 Invocations
 - Level 4.0 Evocations


You had 11 spell levels left.
You knew the following spells:

 Your Spells              Type           Power        Failure   Level  Hunger
a - Freeze                Ice            #...         13%         1    ##.....

Your spell library contained the following spells:

 Spells                   Type           Power        Failure   Level  Hunger
 Magic Dart               Conj           #...         26%         1    ##.....
 Throw Frost              Conj/Ice       #.....       26%         2    ###....
 Flame Tongue             Conj/Fire      #....        28%         1    ##.....
 Confusing Touch          Hex            #.....       32%         1    ##.....
 Searing Ray              Conj           #.....       36%         2    ###....
 Throw Flame              Conj/Fire      #.....       38%         2    ###....
 Ozocubu's Armour         Chrm/Ice       #.......     52%         3    ####...
 Conjure Flame            Conj/Fire      #.......     63%         3    ####...
 Dazzling Spray           Conj/Hex       #.....       63%         3    ####...
 Confuse                  Hex            #.......     67%         3    ####...
 Gell's Gravitas          Tloc           #.........   67%         3    ####...
 Inner Flame              Hex/Fire       #.......     67%         3    ####...
 Throw Icicle             Conj/Ice       #.......     87%         4    #####..
 Summon Ice Beast         Ice/Summ       #.......     90%         4    #####..
 Iskenderun's Mystic Bla  Conj           #.......     94%         4    #####..
 Force Lance              Conj/Tloc      #.......     95%         4    #####..
 Fulminant Prism          Conj/Hex       #.........   95%         4    #####..
 Sticky Flame             Conj/Fire      #.......     95%         4    #####..
 Petrify                  Tmut/Erth      #.......     97%         4    #####..
 Metabolic Englaciation   Hex/Ice        #.........   99%         5    ######.
 Fireball                 Conj/Fire      #.........   100%        5    ######.
 Yara's Violent Unravell  Hex/Tmut       #.........   100%        5    ######.


Dungeon Overview and Level Annotations

Branches:
Dungeon (10/15)            Temple (0/1) D:7            Lair (1/6) D:9
    Orc: D:9-12

Altars:
Ashenzari
Cheibriados
Dithmenos
Elyvilon
Gozag
Okawaru
Ru
Wu Jian
The Shining One

Shops:
D:5 :   D:6 (

Annotations:
D:10 1 exclusion


Innate Abilities, Weirdness & Mutations

You are too large for most types of armour.
You have claws for hands.
Your metabolism is lightning-fast.
You like to eat raw meat.
Your natural rate of healing is unusually fast.
You are covered in fur. (AC +1)
You have extremely tough skin. (AC +3)


Message History

No target in view!
No target in view!
No target in view!
Found 27 gold pieces.
Found a stone staircase leading down.
Found a stone staircase leading down.
y - a scratched granite ring You now have 758 gold pieces (gained 27).
Found a runed whip.
Found an escape hatch in the floor.
Found a dagger.
Found 16 gold pieces.
You now have 774 gold pieces (gained 16).
Found a scale mail.
No target in view!
Found 19 arrows.
Found a stone staircase leading down.
A hydra and a spiny frog come into view.
The six-headed hydra roars!
Found 13 stones and 16 sling bullets.
There are monsters nearby!
There are monsters nearby!
Unknown command.
Wield which item (- for none, * to show all)? (? for menu, Esc to quit)
You hear the crackle of electricity.
x - a +3 rapier of electrocution (weapon)
You gain the combat prowess of a mighty hero.
You hit the six-headed hydra.
Lightning courses through the six-headed hydra!!
The six-headed hydra bites you but does no damage. x2
The six-headed hydra bites you.
The six-headed hydra bites you but does no damage.
The six-headed hydra bites you.
The six-headed hydra closely misses you.
A crocodile comes into view.
You hit the six-headed hydra. The six-headed hydra bites you! x2
The six-headed hydra barely misses you. The six-headed hydra bites you!
The six-headed hydra bites you. The six-headed hydra bites you!
* * * LOW HITPOINT WARNING * * *
You hit the six-headed hydra. The six-headed hydra bites you!
* * * LOW HITPOINT WARNING * * *
The six-headed hydra bites you.
* * * LOW HITPOINT WARNING * * *
The six-headed hydra bites you!
* * * LOW HITPOINT WARNING * * *
The six-headed hydra bites you.
* * * LOW HITPOINT WARNING * * *
The six-headed hydra bites you!
* * * LOW HITPOINT WARNING * * *
The six-headed hydra bites you!
You die...

## #### ### ###
####.######..####.#####..
.........................
.........................
.......##..##..#.##..#..#
.......D@..P#..# #..####
..t....##..##..# #..# #
....... P..##..## #..# #
.....D.##..##...###..#
......( .............##
...F... #.............#
..(.... #..##........####
....... #..##^..........#
#. #............


You could see a six-headed hydra and a crocodile.

Vanquished Creatures
  2 fire dragons (D:10)
  A two-headed ogre (D:10)
  An unseen horror (D:8)
  2 hippogriffs
  13 yaks
  2 wyverns
  Eustachio (D:4)
  2 hungry ghosts
  Menkaure (D:4)
  A water moccasin (D:8)
  A porcupine (Lair:1)
  4 ice beasts
  2 phantoms
  4 sky beasts
  4 ogres
  5 centaurs
  3 big kobolds
  Blork the orc (D:4)
  6 bullfrogs
  A wyvern zombie (D:6)
  A wyvern skeleton (D:6)
  3 scorpions
  3 killer bees (D:8)
  4 howler monkeys
  3 wights (D:6)
  A crimson imp (D:7)
  A quasit (D:10)
  2 centaur zombies
  4 jellies
  2 bullfrog zombies (D:7)
  2 orc priests
  4 hounds
  6 orc wizards
  2 iguanas
  2 bullfrog skeletons
  2 centaur skeletons
  Terence (D:3)
  A worker ant (D:9)
  3 hound skeletons
  A worker ant zombie (D:9)
  A howler monkey zombie (D:6)
  4 gnolls (D:7)
  8 adders
  2 oozes
  An adder skeleton (D:4)
  3 dart slugs
  A worm (D:4)
  3 leopard geckos
  14 orcs
  3 ball pythons
  7 bats
  4 giant cockroaches
  10 hobgoblins
  7 jackals
  21 kobolds
  3 quokkas
  12 goblins
  A leopard gecko zombie (D:5)
  A quokka zombie (D:8)
  5 rats
216 creatures vanquished.

Notes
Turn   | Place    | Note
-------+----------+-------------------------------------------
     0 | D:1      | LostNumber the Troll Ice Elementalist began the quest for
                  | the Orb.
     0 | D:1      | Reached XP level 1. HP: 16/16 MP: 1/1
    84 | D:1      | Reached skill level 1 in Unarmed Combat
    87 | D:1      | Reached XP level 2. HP: 26/26 MP: 2/2
   370 | D:1      | Reached skill level 2 in Unarmed Combat
   430 | D:1      | Reached skill level 1 in Fighting
   519 | D:2      | Reached XP level 3. HP: 28/33 MP: 3/3
   591 | D:2      | Found a snail-covered altar of Cheibriados.
   987 | D:2      | Reached XP level 4. HP: 41/41 MP: 4/4
   992 | D:2      | Reached skill level 3 in Unarmed Combat
  1220 | D:3      | Reached skill level 4 in Unarmed Combat
  1220 | D:3      | Reached XP level 5. HP: 35/49 MP: 5/5
  1428 | D:3      | Noticed Terence
  1458 | D:3      | Killed Terence
  1639 | D:4      | You fall through a shaft!
  1639 | D:5      | Entered Level 5 of the Dungeon
  1639 | D:5      | Noticed an ogre
  1650 | D:5      | Killed an ogre
  1650 | D:5      | Reached XP level 6. HP: 44/59 MP: 6/6
  1691 | D:5      | Reached skill level 5 in Unarmed Combat
  1726 | D:5      | Found an opulent altar of Gozag.
  1727 | D:5      | Found Neosh's Book Boutique.
  1897 | D:5      | Found a glowing golden altar of the Shining One.
  2036 | D:5      | Found an ornate altar of the Wu Jian Council.
  2190 | D:4      | Found a shadowy altar of Dithmenos.
  2192 | D:4      | Found an iron altar of Okawaru.
  2212 | D:4      | Noticed Menkaure
  2224 | D:4      | Killed Menkaure
  2239 | D:4      | Became a worshipper of Warmaster Okawaru
  2370 | D:4      | Noticed Blork the orc
  2402 | D:4      | Killed Blork the orc
  2402 | D:4      | Reached skill level 6 in Unarmed Combat
  2402 | D:4      | Reached XP level 7. HP: 50/67 MP: 7/7
  2464 | D:4      | Noticed Eustachio
  2586 | D:5      | Reached skill level 1 in Invocations
  2929 | D:4      | Found a white marble altar of Elyvilon.
  3109 | D:5      | Reached * piety under Okawaru
  3338 | D:5      | Found a shattered altar of Ashenzari.
  3423 | D:6      | Reached skill level 7 in Unarmed Combat
  3427 | D:6      | Reached XP level 8. HP: 78/78 MP: 5/8
  3508 | D:6      | Reached skill level 8 in Unarmed Combat
  3529 | D:6      | Found Gusibod's Antique Weapon Boutique.
  3702 | D:6      | Found a glowing golden altar of the Shining One.
  3762 | D:6      | Reached ** piety under Okawaru
  4200 | D:7      | Found a sacrificial altar of Ru.
  4239 | D:7      | Reached skill level 5 in Fighting
  4275 | D:7      | Reached XP level 9. HP: 83/88 MP: 10/10
  4474 | D:7      | Found a staircase to the Ecumenical Temple.
  4478 | D:7      | Reached skill level 9 in Unarmed Combat
  4696 | D:8      | Reached skill level 1 in Evocations
  4831 | D:8      | Reached *** piety under Okawaru
  5054 | D:8      | HP: 1/89 [something (9)]
  5064 | D:8      | Killed an unseen horror
  5064 | D:8      | Reached skill level 10 in Unarmed Combat
  5311 | D:8      | Reached **** piety under Okawaru
  5605 | D:9      | Reached XP level 10. HP: 98/98 MP: 9/12
  5847 | D:9      | Reached skill level 11 in Unarmed Combat
  5977 | D:9      | Found a staircase to the Lair.
  6214 | D:10     | Entered Level 10 of the Dungeon
  6269 | D:10     | Reached ***** piety under Okawaru
  6317 | D:10     | Noticed a fire dragon
  6329 | D:10     | HP: 5/100 [fire dragon (9)]
  6331 | D:10     | Killed a fire dragon
  6331 | D:10     | Reached skill level 1 in Armour
  6349 | D:10     | Noticed a two-headed ogre
  6429 | D:10     | Killed a two-headed ogre
  6429 | D:10     | Received a gift from Okawaru
  6429 | D:10     | Reached skill level 12 in Unarmed Combat
  6429 | D:10     | Reached XP level 11. HP: 58/109 MP: 10/13
  6861 | D:10     | Noticed a fire dragon
  6886 | D:10     | Killed a fire dragon
  6886 | D:10     | Reached skill level 5 in Invocations
  7248 | D:4      | Killed Eustachio
  7498 | Lair:1   | Entered Level 1 of the Lair of Beasts
  7719 | Lair:1   | Noticed a six-headed hydra
  7725 | Lair:1   | HP: 3/109 [six-headed hydra (11)]
  7725 | Lair:1   | Mangled by a six-headed hydra

Skill      XL: |  1  2  3  4  5  6  7  8  9 10 11 |
---------------+----------------------------------+-----
Unarmed Combat | 1 2 4 6 7 8 10 12 | 12.5
Fighting       | 1 2 3 4 5 6 7 |  7.6
Invocations    | 2 3 4 5 |  5.2
Evocations     | 2 4 |  4.0
Armour         | 1 2 |  2.7
Dodging        | |  1.5
Stealth        | |  1.0
Spellcasting   | |  1.2
Conjurations   | |  0.6
Ice Magic      | |  2.1

Action                   |  1- 3 |  4- 6 |  7- 9 | 10-12 || total
-------------------------+-------+-------+-------+-------++-------
Melee: Unarmed           |   103 |   161 |   337 |   236 ||   837
       Punch             |       |     2 |    10 |    19 ||    31
       Rapier            |       |       |       |     3 ||     3
Invok: Heroism           |       |       |     6 |     9 ||    15
       Finesse           |       |       |       |     1 ||     1
  Use: Scroll            |     3 |     4 |     7 |     2 ||    16
       Potion            |       |     3 |     3 |     1 ||     7
 Stab: Sleeping          |       |       |     2 |     3 ||     5
  Eat: Chunk             |    15 |     8 |    40 |    24 ||    87
       Ration            |       |       |     1 |       ||     1
Armor: Robe              |    57 |    81 |   107 |    57 ||   302
       Skin              |       |       |     6 |       ||     6
Dodge: Dodged            |    31 |    58 |   159 |    98 ||   346
